 Dungeon Crawl Stone Soup version 0.22-a0-185-ge330310 (webtiles) character file.

73 vishdafish the Skirmisher (level 4, 25/35 HPs)
             Began as a Demonspawn Fighter on Feb 15, 2018.
             Quit the game on level 3 of the Dungeon.
             The game lasted 00:01:50 (1645 turns).

vishdafish the Skirmisher (Demonspawn Fighter)      Turns: 1645, Time: 00:01:51

Health: 25/35      AC: 13    Str: 16    XL:     4   Next: 8%
Magic:  4/4        EV:  7    Int: 11    God:
Gold:   146        SH:  9    Dex: 12    Spells: 3/3 levels left

rFire    + . .     SeeInvis .   a - +0 long sword
rCold    . . .     Gourm    .   c - +0 shield
rNeg     . . .     Faith    .   b - +0 scale mail
rPois    .         Spirit   .   (no helmet)
rElec    .         Reflect  .   g - +2 cloak
rCorr    .         Harm     .   q - +2 pair of gloves
MR       .....                  (no boots)
Stlth    ..........             (no amulet)
HPRegen  0.11/turn              (no ring)
MPRegen  0.09/turn              (no ring)

@: no status effects
A: claws 1, fire resistance 1, powered by pain 1
a: no special abilities


You were on level 3 of the Dungeon.
You were not hungry.

You visited 1 branch of the dungeon, and saw 3 of its levels.

You collected 146 gold pieces.

Inventory:

Hand Weapons
 a - a +0 long sword (weapon)
Armour
 b - a +0 scale mail (worn)
 c - a +0 shield (worn)
 g - a +2 cloak (worn)
 q - a +2 pair of gloves (worn)
Jewellery
 p - a cursed ring of see invisible {unknown}
 u - a cursed ring of teleportation {unknown}
Scrolls
 e - a scroll of amnesia {unknown}
 h - 4 scrolls of identify {unknown}
 i - 3 scrolls of teleportation {unknown}
 l - a scroll of random uselessness {unknown}
 n - a scroll of magic mapping {unknown}
 o - 4 scrolls of remove curse {unknown}
 r - a scroll of enchant armour {unknown}
 s - a scroll of noise {unknown}
 t - a scroll of fear {unknown}
Potions
 d - 2 potions of might
 j - a potion of berserk rage {unknown}
 k - 3 potions of curing
 m - a potion of lignification {unknown}
Comestibles
 f - 4 rations
 v - a chunk of flesh


   Skills:
 + Level 3.4 Fighting
 + Level 2.5 Long Blades
 + Level 3.2 Armour
 + Level 0.4 Dodging
 + Level 3.2 Shields


You had 3 spell levels left.
You didn't know any spells.

Dungeon Overview and Level Annotations

Branches:
Dungeon (3/15)

Altars:
The Shining One

Annotations:
D:3 1 transporter


Innate Abilities, Weirdness & Mutations

You have sharp fingernails.
Your flesh is heat resistant. (rF+)
You sometimes gain a little power by taking damage.


Message History

You feel sick. The adder bites you but does no damage.
The adder closely misses you.
You closely miss the adder.
The adder is severely wounded.
You block the adder's attack.
You miss the adder.
The adder is severely wounded.
The adder bites you but does no damage. x2
You closely miss the adder.
The adder is severely wounded.
You feel sick. You block the adder's attack. x2
You hit the adder.
You kill the adder!
You have reached level 4!
You feel clever.
Your demonic ancestry asserts itself...
You feel energised by your suffering.
You start resting.
You feel sick. x3
You are no longer poisoned.
Are you sure you want to abandon this character and quit the game? (Confirm with "yes".)

#....)#### # ###
#.....#... #.#..
#.....#...
#.#.#######.....#...
...................
#.#.###.##...##.........
#.................##.###
##.###.#....####.##.###
#@#..>............
#.#.....#.#.##.###
#.#...#.#.#.##.#
#.#...<.#.#.##.#
#.#.....#.#.##.#
#.#.....#.#.##.#
#+#.....#.#.##.#
.......#.#.##.#
......###.#


There were no monsters in sight!

Vanquished Creatures
  3 adders
  A worm (D:2)
  2 dart slugs (D:1)
  2 leopard geckos
  6 giant cockroaches
  5 goblins
  2 jackals (D:1)
  2 ball pythons (D:3)
  2 bats
  5 frilled lizards
  7 kobolds
  4 rats
41 creatures vanquished.

Notes
Turn   | Place    | Note
-------+----------+-------------------------------------------
     0 | D:1      | vishdafish the Demonspawn Fighter began the quest for the Orb.
     0 | D:1      | Reached XP level 1. HP: 18/18 MP: 1/1
   164 | D:1      | Gained mutation: Your flesh is heat resistant. (rF+) [demonic ancestry]
   164 | D:1      | Reached XP level 2. HP: 22/24 MP: 2/2
   716 | D:2      | Gained mutation: You have sharp fingernails. [demonic ancestry]
   716 | D:2      | Reached XP level 3. HP: 29/29 MP: 3/3
   836 | D:2      | Found a glowing golden altar of the Shining One.
  1427 | D:3      | Found a transporter.
  1634 | D:3      | Gained mutation: You sometimes gain a little power by taking damage. [demonic ancestry]
  1634 | D:3      | Reached XP level 4. HP: 27/35 MP: 4/4
  1645 | D:3      | Quit the game

Vault maps used:
D:1:      dpeg_arrival_pits
D:2:      nicolae_tso_swordbearing_angel
D:3:      gammafunk_steamed_eel, first_ration

Skill      XL: |  1  2 |
---------------+-------+-----
Long Blades    | 2 |  2.5
Armour         | 3 |  3.2
Shields        | 3 |  3.2
Fighting       | |  3.4
Dodging        | |  0.4

Action                   |  1- 3 |  4- 6 || total
-------------------------+-------+-------++-------
Melee: Long sword        |   147 |       ||   147
  Use: Potion            |     1 |       ||     1
  Eat: Chunk             |     3 |       ||     3
Armor: Scale mail        |    85 |       ||    85
Dodge: Dodged            |    59 |       ||    59
Block: Shield            |    78 |       ||    78
       Rpst.: Long sword |    12 |       ||    12

Table legend:
 A = Spawn XP
 B = Non-spawn XP
 C = Spawn XP percentage of total XP
 D = Spawn monster count
 E = Non-spawn monster count
 F = Spawn count percentage of total count
 G = Total turns spent on level
                    A         B        C        D         E        F      G
               +---------+---------+-------+---------+---------+-------+---------
         Total |       0 |     105 |   0.0 |       0 |      41 |   0.0 |  1645
               +---------+---------+-------+---------+---------+-------+---------
           D:1 |       0 |      36 |   0.0 |       0 |      21 |   0.0 |   651
           D:2 |       0 |      35 |   0.0 |       0 |      13 |   0.0 |   731
           D:3 |       0 |      34 |   0.0 |       0 |       7 |   0.0 |   263
               +---------+---------+-------+---------+---------+-------+---------
